 Dungeon Crawl Stone Soup version 0.21.1-1-g345015f (webtiles) character file.

609 Matador8 the Spear-Bearer (level 7, 0/50 HPs)
             Began as a Merfolk Skald on Apr 18, 2018.
             Slain by an ogre
             ... wielding a +0 giant club
              (30 damage)
             ... on level 3 of the Dungeon.
             The game lasted 00:20:57 (4100 turns).

Matador8 the Spear-Bearer (Merfolk Skald)           Turns: 4100, Time: 00:20:58

Health: 0/50       AC:  5    Str: 11    XL:     7   Next: 43%
Magic:  3/10       EV: 12    Int: 14    God:
Gold:   127        SH:  0    Dex: 14    Spells: 4/10 levels left

rFire    . . .     SeeInvis .   a - +0 spear
rCold    . . .     Gourm    .   (no shield)
rNeg     . . .     Faith    .   b - +0 leather armour
rPois    .         Spirit   .   (no helmet)
rElec    .         Reflect  .   q - +0 cloak
rCorr    .         Harm     .   o - +0 pair of gloves
MR       .....                  (no boots)
Stlth    +.........             (no amulet)
HPRegen  0.16/turn              (no ring)
MPRegen  0.12/turn              (no ring)

@: very slightly contaminated
A: change form in water, swift swim, stealthy swim
a: no special abilities


You were on level 3 of the Dungeon.
You were hungry.

You visited 1 branch of the dungeon, and saw 4 of its levels.

You collected 127 gold pieces.

Inventory:

Hand Weapons
 a - a +0 spear (weapon)
Armour
 b - a +0 leather armour (worn)
 o - a +0 pair of gloves (worn)
 q - a +0 cloak (worn)
Scrolls
 e - 4 scrolls of remove curse
 g - a scroll of fog {unknown}
 i - 2 scrolls of enchant armour {unknown}
 j - 4 scrolls of identify {unknown}
 k - a scroll of magic mapping {unknown}
 m - 3 scrolls of enchant weapon {unknown}
 p - 2 scrolls of teleportation {unknown}
Potions
 h - a potion of ambrosia {unknown}
 l - a potion of brilliance
 n - a potion of invisibility {unknown}
Books
 c - a book of Battle

   Spells                             Type                      Level
   a - Infusion                       Charms                       1
   b - Shroud of Golubria             Charms/Translocation         2
   c - Song of Slaying                Charms                       2
   d - Spectral Weapon                Hexes/Charms                 3
   e - Regeneration                   Charms/Necromancy            3
Comestibles
 d - 6 rations


   Skills:
 - Level 2.1 Fighting
 + Level 8.6 Polearms
 - Level 0.6 Armour
 - Level 2.6 Dodging
 - Level 2.0 Spellcasting
 - Level 2.0 Hexes
 + Level 6.1 Charms


You had 4 spell levels left.
You knew the following spells:

 Your Spells              Type           Power        Failure   Level  Hunger
a - Infusion              Chrm           ###.         2%          1    ##.....
b - Shroud of Golubria    Chrm/Tloc      ##........   13%         2    ###....
c - Spectral Weapon       Hex/Chrm       ##......     17%         3    ####...


Dungeon Overview and Level Annotations

Branches:
Dungeon (4/15)
 Temple: D:4-7

Altars:
Ashenzari
Trog

Annotations:
D:4 ReniFell's ghost, amateur GrGl


Message History

There is a stone staircase leading up here.
You are no longer magically infusing your attacks.
The adder hisses angrily.
There is a stone staircase leading up here.
The ogre barely misses you. The frilled lizard barely misses you.
You climb upwards.
There is a stone staircase leading down here.
Casting: Infusion
Confirm with . or Enter, or press ? or * to list all spells.
You miscast Spectral Weapon.
You are very lightly contaminated with residual magic.
Multicoloured lights dance before your eyes!
Casting: Spectral Weapon
Confirm with . or Enter, or press ? or * to list all spells.
You draw out your weapon's spirit!
You are feeling hungry.
The ogre hits you with a giant club! The ogre hits you with a giant club!!
Ouch! That really hurt!
You die...

#.........#.#
#.........#.#
#.........#.###########
#.......<.#...........#
#.........###########.#
#..(......# #.#
#.........# #.#
#.........# #.#
#####O@#### #.# #(##
#.# #.# #.# #.# #.# #.#
###########(# #.#
#...........# #.#
#.########### #.# #.#
#.# #.#


You could see an ogre and a friendly spectral spear.

Vanquished Creatures
  Grinder (D:3)
  The ghost of Mirai the Magician, an amateur DECj (D:3)
  A phantom (D:2)
  A hound (D:4)
  Crazy Yiuf (D:2)
  An iguana (D:4)
  A howler monkey skeleton (D:3)
  2 adders (D:3)
  An ooze (D:2)
  3 worms
  A dart slug (D:1)
  4 leopard geckos
  An orc (D:3)
  11 bats
  4 giant cockroaches
  8 hobgoblins
  6 kobolds
  2 frilled lizards (D:2)
  9 goblins
  4 rats
63 creatures vanquished.

Vanquished Creatures (others)
  4 spectral weapons
4 creatures vanquished.

Grand Total: 67 creatures vanquished

Notes
Turn   | Place    | Note
-------+----------+-------------------------------------------
     0 | D:1      | Matador8 the Merfolk Skald began the quest for the Orb.
     0 | D:1      | Reached XP level 1. HP: 16/16 MP: 3/3
   113 | D:1      | Reached XP level 2. HP: 13/22 MP: 0/5
   458 | D:1      | Reached skill level 4 in Polearms
   597 | D:2      | Reached XP level 3. HP: 25/27 MP: 3/6
   620 | D:2      | Learned a level 2 spell: Shroud of Golubria
   624 | D:2      | Learned a level 3 spell: Spectral Weapon
   944 | D:2      | Found a shattered altar of Ashenzari.
  1152 | D:2      | Reached skill level 5 in Polearms
  1212 | D:2      | Found a runed door.
  1219 | D:2      | Noticed Crazy Yiuf
  1230 | D:2      | Killed Crazy Yiuf
  1230 | D:2      | Reached skill level 1 in Hexes
  1230 | D:2      | Reached XP level 4. HP: 9/33 MP: 1/7
  1656 | D:2      | Noticed a moth of wrath
  1659 | D:2      | Found a bloodstained altar of Trog.
  2109 | D:3      | Noticed Grinder
  2183 | D:3      | Paralysed by Grinder for 4 turns
  2204 | D:3      | Noticed a phantom
  2240 | D:3      | Noticed Mirai's ghost (amateur DECj)
  2256 | D:4      | Reached skill level 6 in Polearms
  2256 | D:4      | Reached XP level 5. HP: 14/38 MP: 3/8
  2475 | D:4      | Noticed ReniFell's ghost (amateur GrGl)
  3115 | D:2      | Killed a phantom
  3115 | D:2      | Reached XP level 6. HP: 25/44 MP: 1/9
  3353 | D:3      | Killed Grinder
  3353 | D:3      | Reached skill level 7 in Polearms
  3353 | D:3      | Reached skill level 5 in Charms
  3665 | D:3      | HP: 2/44 [Mirai's ghost (2)]
  3666 | D:3      | Killed Mirai's ghost
  3666 | D:3      | Reached skill level 8 in Polearms
  3666 | D:3      | Reached XP level 7. HP: 3/50 MP: 6/10
  4100 | D:3      | Slain by an ogre

Skill      XL: |  1  2  3  4  5  6 |
---------------+-------------------+-----
Polearms       | 4 5 6 8 |  8.6
Charms         | 4 6 |  6.1
Hexes          | 1 2 |  2.0
Fighting       | |  2.1
Armour         | |  0.6
Dodging        | |  2.6
Spellcasting   | |  2.0

Action                   |  1- 3 |  4- 6 |  7- 9 || total
-------------------------+-------+-------+-------++-------
Melee: Spear             |   154 |   126 |     9 ||   289
 Cast: Infusion          |     5 |     8 |     1 ||    14
       Spectral Weapon   |     1 |     8 |     1 ||    10
       Shroud of Golubri |       |     2 |       ||     2
  Use: Scroll            |       |     1 |       ||     1
       Potion            |       |     1 |       ||     1
  Eat: Chunk             |     1 |     4 |       ||     5
       Ration            |       |     2 |       ||     2
Armor: Leather armour    |    32 |    31 |       ||    63
Dodge: Dodged            |    72 |    51 |     6 ||   129
